Map: Lightshade LE

Players

uThermal

  • Race: Terran Terran
  • Spawn Location: 5:00

Armani - Winner!

  • Race: Zerg Zerg
  • Spawn Location: 11:00

Event: IEM Katowice 2021

VOD

Have the link to the VOD?

Description

Time

  • Played on: Feb. 21, 2021, 8:12 a.m.
  • Length: 12:04

All games in this series

Show
View Real Time Build Order
Export as new Build Order

uThermal Terran 

Build Orders: Reaper Expand, Hellion Banshee 

Get SALT Encoding   

  12  0:00  SCV  
  13  0:12  SCV  
  14  0:16  Supply Depot  
  14  0:24  SCV  
  15  0:38  SCV  
  15  0:39  Barracks  
  16  0:43  Refinery  
  16  0:50  SCV  
  17  1:02  SCV  
  18  1:14  SCV  
  19  1:27  Reaper, Orbital Command  
  20  1:38  Command Center  
  20  1:46  Supply Depot  
  20  1:54  SCV  
  21  1:59  Marine  
  22  2:06  SCV  
  22  2:08  Factory  
  23  2:15  Refinery  
  23  2:18  SCV  
  23  2:20  Barracks Reactor  
  24  2:30  SCV  
  25  2:42  SCV  
  26  2:51  Orbital Command  
  26  2:52  Starport  
  26  2:54  SCV  
  27  3:01  Hellion x2  
  27  3:02  Barracks Tech Lab  
  31  3:06  SCV  
  32  3:17  SCV  
  32  3:18  SCV  
  34  3:22  Hellion x2  
  38  3:29  SCV, Supply Depot  
  38  3:30  SCV  
  40  3:36  Banshee, Cloaking Field  
  43  3:41  SCV  
  43  3:44  SCV  
  45  3:49  Barracks Tech Lab  
  45  3:51  Hellion x2  
  45  3:53  Supply Depot  
  45  3:54  SCV  
  50  3:56  SCV  
  51  4:06  SCV  
  51  4:07  Marine  
  51  4:08  Stimpack, SCV  
  54  4:19  SCV  
  54  4:20  Command Center  
  54  4:21  SCV  
  54  4:24  Banshee  
  59  4:28  Supply Depot  
  59  4:32  SCV  
  59  4:33  SCV  
  59  4:36  Factory Reactor  
  59  4:37  Barracks  
  61  4:39  Marine  
  62  4:47  Barracks  
  62  4:49  SCV x2  
  64  4:54  Supply Depot  
  64  4:57  Marine  
  65  5:01  SCV  
  65  5:04  SCV, Engineering Bay x2  
  67  5:11  Refinery x2  
  67  5:14  Marine  
  67  5:15  SCV  
  67  5:17  Starport Reactor  
  67  5:19  SCV  
  67  5:20  Siege Tank  
  73  5:27  SCV  
  73  5:28  Marine x2  
  76  5:31  Terran Infantry Weapons Level 1  
  76  5:32  Marine, Terran Infantry Armor Level 1  
  76  5:33  Orbital Command  
  77  5:45  Barracks, Marine  
  77  5:46  Barracks, Marine  
  77  5:47  SCV  
  77  5:49  Marine x2  
  82  5:50  Marine  
  82  5:53  SCV  
  82  5:54  Supply Depot  
  84  5:58  Orbital Command  
  84  5:59  SCV  
  84  6:03  Marine  
  86  6:05  Medivac x2  
  86  6:06  Marine  
  86  6:07  SCV, Marine  
  86  6:10  Siege Tank  
  93  6:14  Supply Depot  
  93  6:15  Marine  
  94  6:18  Supply Depot  
  94  6:19  Combat Shield  
  94  6:20  SCV  
  94  6:24  SCV x2, Marine  
  98  6:26  Marine  
  98  6:27  Supply Depot  
  98  6:31  Marine  
  98  6:32  SCV  
  101  6:35  Barracks Reactor x2  
  101  6:36  SCV x2  
  101  6:38  Medivac  
  105  6:40  Medivac  
  107  6:49  Marine x2  
  109  6:55  SCV x2, Marine  
  109  6:56  Supply Depot  
  109  6:57  SCV  
  109  6:58  Armory  
  109  6:59  Marine  
  114  7:03  Marine  
  114  7:05  Siege Tank  
  114  7:07  SCV, Supply Depot, Marine  
  114  7:08  Supply Depot  
  120  7:12  Medivac  
  120  7:14  SCV, Marine  
  121  7:16  Marine  
  121  7:17  SCV  
  121  7:19  Medivac  
  125  7:23  Marine x6  
  125  7:25  Marine  
  125  7:27  SCV  
  128  7:34  SCV  
  128  7:35  Marine x2  
  128  7:38  Siege Tank  
  128  7:40  SCV, Marine  
  132  7:44  Marine x3  
  132  7:50  SCV, Marine x2  
  137  7:57  Marine  
  137  8:00  Marine  
  133  8:09  Marine x6  
  133  8:10  Marine  
  131  8:14  Marine  
  131  8:15  SCV  
  131  8:17  Marine  
  120  8:27  Marine x4  
  120  8:29  Marine  
  120  8:30  Marine x2  
  120  8:32  Medivac, Marine  
  118  8:35  Marine  
  118  8:37  Medivac  
  119  8:45  Marine x4  
  116  8:53  Marine  
  116  8:54  Marine x2  
  99  9:00  Marine  
  83  9:04  Marine x2  
  83  9:07  Marine x2  
  83  9:08  Marine, Siege Tank  
  87  9:10  SCV  
  87  9:11  Marine x2  
  87  9:12  Marine  
  87  9:14  SCV x2  
  87  9:17  Terran Infantry Weapons Level 2  
  90  9:18  Marine  
  90  9:22  SCV, Marine x2  
  92  9:24  Marine  
  92  9:25  Marine x2  
  92  9:26  SCV x2  
  92  9:29  Marine  
  98  9:31  Missile Turret  
  98  9:35  Marine  
  99  9:39  SCV  
  99  9:40  SCV, Terran Infantry Armor Level 2  
  101  9:46  Siege Tank  
  101  9:51  SCV  
  105  9:53  Marine x2, Missile Turret  
  105  9:57  Marine  
  105  9:59  Marine x2  
  110  10:00  Marine x3  
  110  10:02  SCV  
  110  10:03  Marine  
  115  10:09  SCV  
  115  10:10  SCV, Marine  
  115  10:14  SCV  
  119  10:17  Marine x2  
  119  10:18  Marine, Refinery  
  119  10:21  SCV, Marine x2, Siege Tank  
  126  10:22  Marine  
  129  10:31  Liberator x2  
  129  10:34  Marine  
  129  10:35  Marine  
  137  10:36  Supply Depot, Marine  
  137  10:38  Supply Depot  
  137  10:40  Marine  
  137  10:42  SCV  
  139  10:43  Marine  
  139  10:46  Supply Depot  
  139  10:48  Supply Depot  
  136  10:50  Marine  
  136  10:51  SCV, Marine  
  136  10:54  Marine  
  136  10:55  Marine  
  136  10:56  Siege Tank  
  144  10:57  Marine x2  
  144  10:58  SCV  
  144  11:00  Marine  
  144  11:02  Marine  
  144  11:03  Marine  
  150  11:12  Marine  
  150  11:13  Liberator  
  150  11:14  Marine x2, Liberator  
  159  11:25  Marine x3  
  162  11:28  Siege Tank  
  162  11:31  Marine, Supply Depot  
  162  11:32  Marine x4  
Show
View Real Time Build Order
Export as new Build Order

Armani Zerg - Winner!

Build Orders: Hatch First, Lurkers 

Get SALT Encoding   

  12  0:00  Drone  
  13  0:12  Overlord  
  13  0:17  Drone  
  14  0:31  Drone x2  
  16  0:48  Hatchery  
  15  0:52  Drone  
  15  0:55  Drone  
  17  0:59  Drone  
  18  1:13  Spawning Pool  
  18  1:16  Drone  
  18  1:19  Drone  
  19  1:29  Drone  
  19  1:31  Extractor  
  19  1:40  Drone  
  20  2:00  Queen x2  
  20  2:01  Zergling x6  
  27  2:13  Hatchery  
  26  2:19  Overlord  
  26  2:23  Drone  
  26  2:29  Drone  
  28  2:34  Metabolic Boost  
  28  2:39  Drone x2  
  28  2:42  Drone  
  31  2:46  Drone  
  32  2:53  Queen  
  32  2:58  Overlord  
  34  3:00  Drone  
  34  3:03  Drone  
  36  3:17  Drone x2  
  36  3:18  Drone x4  
  42  3:22  Pneumatized Carapace  
  42  3:26  Queen  
  42  3:29  Drone  
  42  3:32  Drone  
  46  3:37  Overlord  
  46  3:41  Queen  
  48  3:42  Drone  
  48  3:44  Drone  
  50  3:57  Drone  
  50  4:03  Drone x7  
  50  4:06  Overlord  
  50  4:09  Zergling x2  
  58  4:15  Overlord  
  58  4:21  Overlord  
  58  4:24  Queen x2  
  58  4:25  Drone x4  
  58  4:31  Spore Crawler  
  65  4:34  Drone, Spore Crawler  
  65  4:35  Zergling x8  
  65  4:38  Spore Crawler  
  68  4:43  Extractor, Spore Crawler  
  66  4:47  Drone x4  
  66  4:48  Evolution Chamber  
  66  4:50  Evolution Chamber  
  66  4:51  Drone x3  
  71  4:59  Drone x5  
  76  5:02  Overlord  
  76  5:08  Drone x2  
  76  5:10  Overlord  
  78  5:14  Zerg Ground Armor Level 1  
  78  5:16  Zerg Melee Weapons Level 1  
  78  5:17  Drone x2  
  78  5:21  Drone x2  
  82  5:27  Drone  
  83  5:28  Lair  
  83  5:30  Extractor  
  83  5:32  Extractor  
  83  5:33  Zergling x6  
  83  5:35  Drone  
  85  5:36  Drone x7  
  85  5:42  Drone  
  93  5:43  Baneling Nest  
  93  5:48  Drone  
  93  5:51  Drone  
  93  5:52  Drone  
  95  5:59  Extractor  
  95  6:00  Hatchery  
  93  6:12  Hatchery  
  93  6:14  Drone x3  
  93  6:16  Zergling x6  
  93  6:17  Overlord x4  
  98  6:26  Overseer, Centrifical Hooks  
  98  6:27  Overlord  
  98  6:40  Zergling x20  
  98  6:45  Zergling x10  
  112  6:56  Baneling x7  
  112  6:58  Zergling x6  
  115  7:02  Baneling  
  115  7:03  Baneling x5  
  115  7:11  Zergling x12  
  115  7:13  Zerg Ground Armor Level 2, Zerg Melee Weapons Level 2  
  121  7:18  Hatchery  
  121  7:20  Baneling x2  
  119  7:25  Zergling x18  
  119  7:27  Zergling x2  
  119  7:28  Zergling x6  
  132  7:32  Zergling x2  
  133  7:39  Zergling x14  
  133  7:43  Baneling x2  
  136  7:46  Queen  
  136  7:49  Zergling x12, Hydralisk Den  
  136  7:50  Zergling x2  
  144  7:52  Infestation Pit  
  131  8:08  Zergling x22  
  134  8:13  Baneling x21  
  134  8:15  Zergling x4  
  134  8:21  Queen  
  134  8:24  Baneling  
  134  8:25  Zergling x18, Baneling x10  
  134  8:26  Zergling x2  
  134  8:40  Zergling x12  
  134  8:41  Zergling x14  
  138  8:54  Zergling x14  
  110  9:04  Zergling x16  
  110  9:05  Zergling x2  
  108  9:14  Baneling x13  
  108  9:27  Zergling x4  
  108  9:28  Zergling x16  
  117  9:39  Drone x2  
  117  9:40  Drone x3  
  117  9:41  Drone x2  
  117  9:42  Drone x2  
  117  9:43  Extractor  
  125  9:51  Hive  
  125  9:52  Zergling x12  
  131  9:53  Zergling x2, Lurker Den  
  131  10:04  Spine Crawler, Drone x2, Spore Crawler  
  131  10:06  Spine Crawler, Overlord x2  
  129  10:09  Overlord  
  129  10:14  Baneling x11  
  129  10:17  Drone  
  129  10:18  Drone x2  
  132  10:31  Zergling x24  
  140  10:43  Overlord  
  140  10:45  Baneling  
  140  10:46  Baneling x8  
  139  10:52  Zergling x26  
  151  11:00  Hydralisk x4  
  158  11:12  Baneling x12  
  158  11:13  Baneling x2  
  158  11:18  Zergling x8  
  162  11:22  Zergling x2  
  162  11:23  Zergling x8  
  162  11:27  Viper  
  162  11:31  Lurker x4  

Tags
 
Add a new tag
Caveats
  • Supply blocks, unpowered buildings, or Contaminate may cause inaccurate times.
  • Supply counts are checked every 10 seconds.